 Dungeon Crawl Stone Soup version 0.25-a0-435-g4b9beb1 (webtiles) character file.

Game seed: 15301637166489295949, levelgen mode: deterministic

213 Ayyar the Sneak (level 5, -6/36 HPs)
             Began as an Octopode Assassin on Jan 27, 2020.
             Killed from afar by an orc wizard (9 damage)
             ... with a magic dart
             ... on level 3 of the Dungeon.
             The game lasted 00:11:29 (2727 turns).

Ayyar the Sneak (Octopode Assassin)                 Turns: 2727, Time: 00:11:29

Health: -6/36      AC:  1    Str: 11    XL:     5   Next: 90%
Magic:  5/5        EV: 14    Int: 13    God:
Gold:   112        SH:  0    Dex: 14    Spells: 4/4 levels left

rFire    . . .     SeeInvis .   a - +3 dagger
rCold    . . .     Gourm    .   (no shield)
rNeg     . . .     Faith    .   (helmet restricted)
rPois    .         Spirit   .   (no amulet)
rElec    .         Reflect  .   n - ring of teleportation (curse)
rCorr    .         Harm     .   (no ring)
MR       .....     Rnd*Tele +   (no ring)
Stlth    ++++......             (no ring)
HPRegen  0.12/turn              (no ring)
MPRegen  0.09/turn              (no ring)
                                (no ring)
                                (no ring)

@: no status effects
A: almost no armour, stealthy swim, amphibious, 8 rings, constrict 8, camouflage
1, gelatinous body 1
a: no special abilities


You were on level 3 of the Dungeon.
You were hungry.

You visited 1 branch of the dungeon, and saw 3 of its levels.

You collected 112 gold pieces.

Inventory:

Hand Weapons
 a - a +3 dagger (weapon)
Missiles
 b - 13 poisoned darts (quivered)
 c - 2 curare-tipped darts
Jewellery
 j - an uncursed amulet of faith {unknown}
 n - a cursed ring of teleportation (left tentacle)
Wands
 s - a wand of scattershot (5)
Scrolls
 e - a scroll of enchant weapon
 f - a scroll of immolation
 l - a scroll of fog {unknown}
 o - a scroll of remove curse {unknown}
 p - a scroll of identify {unknown}
 q - a scroll of teleportation {unknown}
Potions
 g - a potion of might {unknown}
 h - a potion of brilliance {unknown}
 k - a potion of mutation {unknown}
 m - a potion of resistance {unknown}
Comestibles
 d - 4 rations
 r - 2 chunks of flesh


   Skills:
 + Level 3.0 Fighting
 + Level 2.9 Short Blades
 + Level 2.9 Throwing
 + Level 2.3 Dodging
 * Level 7.1 Stealth


You had 4 spell levels left.
You didn't know any spells.
Your spell library was empty.

Dungeon Overview and Level Annotations

Branches:
Dungeon (3/15)

Altars:
Qazlal


Innate Abilities, Weirdness & Mutations

You cannot wear most types of armour.
You are very stealthy in the water. (Stealth+)
You are amphibious.
You can wear up to eight rings at the same time.
You can use your tentacles to constrict eight enemies at once.
Your skin changes colour to match your surroundings (Stealth+).
Your rubbery body absorbs attacks. (AC +1, EV +1)


Message History

The orc hits you with a +0 falchion.
You completely miss the orc. You grab the orc.
The orc is lightly wounded.
You constrict the orc. The orc hits you with a +0 falchion.
You hit the orc.
The orc is almost dead.
You constrict the orc.
You kill the orc!
You closely miss something. Your squeeze misses something. Something hits you.
* * * LOW HITPOINT WARNING * * *
You closely miss something. Something hits you but does no damage.
You barely miss something. Something hits you.
* * * LOW HITPOINT WARNING * * *
You completely miss something. Something hits you.
* * * LOW HITPOINT WARNING * * *
You hit something but do no damage.
You hear some strange, mumbled words.
A magic dart appears from out of thin air!
The magic dart hits you!
You die...

############
#...........
###.##########
######...##########
+...).............[
#####......##...###
#.)<#..###.##...###
#.###..##...'...'o.
#.@{........#...###
#####.#.....#...#
#†#.....#...#
#####'#.....#...#
.!
#...........#####
..... #.).<.......#
..... #...........#
.....######
#...#'#.....#
..........#
#...#.#....########


There were no monsters in sight!

Vanquished Creatures
  An orc priest (D:3)
  7 adders
  4 worms
  3 dart slugs (D:2)
  3 leopard geckos
  8 orcs
  2 giant cockroaches
  12 goblins
  8 hobgoblins
  9 jackals (D:1)
  A quokka (D:2)
  2 ball pythons
  5 bats
  10 frilled lizards
  9 kobolds
  10 rats
94 creatures vanquished.

Notes
Turn   | Place    | Note
-------+----------+-------------------------------------------
     0 | D:1      | Ayyar the Octopode Assassin began the quest for the Orb.
     0 | D:1      | Reached XP level 1. HP: 14/14 MP: 1/1
   125 | D:1      | Reached XP level 2. HP: 19/19 MP: 2/2
   341 | D:1      | Reached XP level 3. HP: 22/24 MP: 3/3
   745 | D:1      | Reached skill level 6 in Stealth
  1059 | D:2      | Reached XP level 4. HP: 30/30 MP: 4/4
  1604 | D:1      | Reached XP level 5. HP: 17/35 MP: 5/5
  1749 | D:2      | Found a stormy altar of Qazlal.
  2151 | D:3      | Reached skill level 7 in Stealth
  2680 | D:3      | Found a faded altar of an unknown god.
  2695 | D:3      | HP: 1/36 [orc wizard/magic dart (8)]
  2727 | D:3      | Killed from afar by an orc wizard

Levels and vault maps discovered:
D:1:      lemuel_arrival_tunnels, layout_loops_cross, serial_forest,
          infiniplex_forest_end_2, infiniplex_forest_end_2,
          infiniplex_forest_corner_2, infiniplex_forest_lined_2,
          infiniplex_forest_corner_2, infiniplex_forest_zigzag_1,
          infiniplex_forest_clump_curved, infiniplex_forest_straight_5,
          infiniplex_forest_clump_diagonal, minmay_misc_feat_five,
          chequers_decorated_corner
D:2:      layout_loops_ring, nicolae_qazlal_eye_of_the_storm, first_ration,
          grunt_ministairs_5, minmay_heptomino_w4
D:3:      layout_basic, brannock_xom_greatest_gift,
          chequers_ecumenical_altar_simple, fedhas_ov_isle_minmay

Skill      XL: |  1  2  3  4  5 |
---------------+----------------+-----
Stealth        | 6 7 |  7.1
Dodging        | 2 |  2.3
Fighting       | 3 |  3.0
Short Blades   | |  2.9
Throwing       | |  2.9

Action                   |  1- 3 |  4- 6 || total
-------------------------+-------+-------++-------
Melee: Dagger            |    69 |   114 ||   183
       Constrict         |    19 |    28 ||    47
       Tentacles         |    11 |    22 ||    33
Throw: Dart              |     1 |     4 ||     5
  Use: Scroll            |       |     3 ||     3
       Potion            |       |     4 ||     4
 Stab: Sleeping          |    13 |    11 ||    24
       Distracted        |       |     1 ||     1
  Eat: Chunk             |       |     5 ||     5
Armor: Skin              |     2 |    12 ||    14
Dodge: Dodged            |    28 |    93 ||   121

Table legend:
 A = Non-vault XP
 B = Vault XP
 C = Vault XP percentage of total XP
 D = Non-vault monster count
 E = Vault monster count
 F = Vault count percentage of total count
                 A         B        C        D         E       F
            +---------+---------+-------+---------+---------+-------
      Total |     277 |      28 |   9.2 |      83 |      11 |  11.7
            +---------+---------+-------+---------+---------+-------
        D:1 |      78 |      13 |  14.3 |      40 |       4 |   9.1
        D:2 |     122 |      15 |  10.9 |      32 |       7 |  17.9
        D:3 |      77 |       0 |   0.0 |      11 |       0 |   0.0
            +---------+---------+-------+---------+---------+-------
